 Dungeon Crawl Stone Soup version 5.4-101-gcf516dc (webtiles) character file.

2325 busta the Geomancer (level 11, 8/54 HPs)
             Began as a Gargoyle Earth Elementalist on Mar 4, 2018.
             Was a Follower of Vehumet.
             Quit the game on level 9 of the Dungeon on Mar 5, 2018.
             The game lasted 00:29:33 (8873 turns).

busta the Geomancer (Gargoyle Earth Elementalist)   Turns: 8873, Time: 00:29:33

Health: 8/54       AC: 19 (31%)Str: 12  XL:     11   Next: 0%
Magic:  3/16       EV: 16    Int: 17    God:    Vehumet [1*[45]]
Gold:   508        SH:  6    Dex: 17    Spells: 6/17 levels left

rFire    + . .     SeeInvis +   q - +2 whip (elec)
rCold    . . .     Faith    .   (no shield)
rNeg     + + .     Spirit   .   H - +2 robe {rN+}
rPois    ∞         Reflect  +   p - +1 helmet {SInv}
rElec    +                      z - +0 cloak
rCorr    .                      D - +0 pair of gloves
MR       .....                  f - +0 pair of boots
Stlth    ++........             r - +6 amulet of reflection
Regen    0.2/turn               j - +3 ring of protection
MPRegen  0.3/turn               o - +5 ring of dexterity

@: no status effects
A: claws 1, fire resistance 1, negative energy resistance 1, electricity
resistance, unbreathing, petrification resistance, rot immunity, AC +7
a: Renounce Religion


You were on level 9 of the Dungeon.
You worshipped Vehumet.
Vehumet was aware of your devotion.
You were not hungry.

You visited 1 branch of the dungeon, and saw 9 of its levels.

You collected 604 gold pieces.
You spent 96 gold pieces at shops.

Inventory:

Hand Weapons
 q - a +2 whip of electrocution (weapon)
 s - a +2 mace of draining
 w - a +0 whip of flaming
Missiles
 b - 2068 stones (quivered)
Armour
 f - a +0 pair of boots (worn)
 p - a +1 helmet of see invisible (worn)
 z - a +0 cloak (worn)
 D - a +0 pair of gloves (worn)
 H - a +2 robe of positive energy (worn)
Jewellery
 i - a +5 ring of strength
 j - a +3 ring of protection (left hand)
 o - a +5 ring of dexterity (right hand)
 r - a +6 amulet of reflection (around neck)
 B - an uncursed ring of resist corrosion
Wands
 x - a wand of clouds (2)
 y - a wand of paralysis (12)
Scrolls
 a - 4 scrolls of teleportation
 h - a scroll of blinking
 k - 4 scrolls of enchant armour
 l - a scroll of fog
 m - 2 scrolls of enchant weapon
 u - 4 scrolls of amnesia
 C - a scroll of fear
 F - 2 scrolls of magic mapping
Potions
 d - a potion of cancellation
 e - a potion of haste
 g - 2 potions of curing
 n - a potion of magic
 t - a potion of lignification
 v - 2 potions of heal wounds
 A - 2 potions of augmentation
 E - a potion of flight
 G - a potion of berserk rage


   Skills:
 - Level 10.1 Maces & Staves
 + Level 5.6 Dodging
 - Level 2.1 Stealth
 - Level 3.6 Spellcasting
 - Level 6.0 Hexes
 - Level 0.7 Transmutations
 - Level 10.2 Earth Magic


You had 6 spell levels left.
You knew the following spells:

 Your Spells              Type           Power        Failure   Level  Hunger
a - Sandblast             Erth           37 (50)      1%          1    N/A
b - Lee's Rapid Deconstr  Erth           37 (200)     7%          5    N/A
c - Inner Flame           Hex/Fire       13 (100)     14%         3    N/A
d - Passwall              Tmut/Erth      21 (200)     2%          2    N/A

Dungeon Overview and Level Annotations

Branches:
Dungeon (9/15)

Altars:
Cheibriados
Dithmenos
Elyvilon
Gozag
Jiyva
Kikubaaqudgha
Makhleb
Nemelex Xobeh
Okawaru
Qazlal
Ru
Sif Muna
Trog
Uskayaw
Vehumet
Wu Jian
Xom
Yredelemnul
Zin
The Shining One

Shops:
D:8 *


Innate Abilities, Weirdness & Mutations

You are resistant to torment.
Your stone body is resilient. (AC +7)
You are immune to poison.
You resist negative energy. (rN+)
You are resistant to electric shocks. (rElec)
You can survive without breathing.
You are immune to petrification.
You are immune to rotting.
You have sharp fingernails.
Your flesh is heat resistant. (rF+)


Message History

You feel your power returning!
You have reached level 11!!!
The blast of rock fragments hits the two-headed ogre (16)!
The two-headed ogre is moderately wounded!
The blast of rock fragments hits the ogre mage (15)!
The ogre mage is severely wounded!
You hear a croak!
The ogre mage casts a spell at you! The bolt of lightning hits you!!!
You resist!
That hurt (6)!!! * * * don't die
* * * The ogre mage hits you with a +0 flail (7)!!! * * * don't die
* * *
Casting: Lee's Rapid Deconstruction
Confirm with ! or Enter, or press ? or * to list all spells!
You don't have enough magic to cast that spell!
Welcome back, busta the Gargoyle Earth Elementalist!
You are playing on Normal difficulty!
Vehumet says: Let it end in hellfire!!!
Press ? for a list of commands and other information!
Are you sure you want to abandon this character and quit the game? (Confirm with "yes"!)

.........##.#
#...#....##.# #
#O..#)...##.####.#
#...#.....)......#
#zz.#.........####
z####....y....#####.
.##.......z.........
.yz..##.....)###########
y##..##....zzyOO@.......
..y..###....z###########
##...# ####.##
#...######.#
...........#
............#
..........# ..........#
+#..#####.#


You could see a two-headed ogre, an ogre mage, a killer bee and 3 wights.

Vanquished Creatures
  2 two-headed ogres (D:8)
  Pikel (D:6)
  Psyche (D:8)
  A troll (D:9)
  A wyvern (D:8)
  2 angry ghosts
  2 water moccasins
  Duvessa (D:6)
  3 orc warriors
  A slave (D:6)
  A wasp (D:8)
  A black bear (D:7)
  An ice beast (D:5)
  7 ogres
  A centaur (D:5)
  A bullfrog (D:6)
  Dowan (D:6)
  3 scorpions
  3 crimson imps
  2 killer bees (D:9)
  8 wights
  A howler monkey (D:5)
  Crazy Yiuf (D:6)
  3 centaur zombies
  3 quasits
  5 hounds
  4 jellies
  2 orc priests (D:6)
  A gnoll shaman (D:4)
  A centaur skeleton (D:5)
  5 orc wizards
  Jessica (D:3)
  Natasha (thrice) (D:3)
  4 worker ants
  Terence (D:3)
  A killer bee zombie (D:6)
  6 iguanas
  A hound zombie (D:6)
  6 gnolls
  8 adders
  A shadow imp (D:6)
  2 oozes (D:1)
  3 dart slugs
  20 orcs
  9 quokkas
  2 ball pythons
  2 giant cockroaches
  10 goblins
  6 hobgoblins
  8 jackals
  4 kobolds
  7 bats
  6 frilled lizards
  11 rats
192 creatures vanquished.

Vanquished Creatures (others)
  A centaur (D:8)
1 creature vanquished.

Grand Total: 193 creatures vanquished

Notes
Turn   | Place    | Note
-------+----------+-------------------------------------------
     0 | D:1      | busta the Gargoyle Earth Elementalist began the quest for the Orb.
     0 | D:1      | Reached XP level 1. HP: 10/10 MP: 3/3
   103 | D:1      | Reached XP level 2. HP: 15/15 MP: 3/5
   515 | D:1      | Reached XP level 3. HP: 19/19 MP: 6/6
   618 | D:1      | Reached skill level 5 in Earth Magic
   981 | D:2      | Noticed a moth of wrath
   984 | D:2      | Found a bloodstained altar of Trog.
  1245 | D:2      | Reached XP level 4. HP: 24/24 MP: 5/7
  1644 | D:2      | Reached XP level 5. HP: 24/28 MP: 8/8
  1651 | D:2      | Found a faded altar of an unknown god.
  1684 | D:2      | Found a hazy altar of Hepliaklqana.
  2016 | D:2      | Learned a level 5 spell: Lee's Rapid Deconstruction
  2156 | D:3      | Noticed Natasha
  2251 | D:3      | Killed Natasha
  2429 | D:3      | Found a white marble altar of Elyvilon.
  2534 | D:3      | Noticed Terence
  2557 | D:3      | Killed Terence
  2557 | D:3      | Reached XP level 6. HP: 29/32 MP: 9/9
  3016 | D:3      | Noticed Jessica
  3021 | D:3      | Noticed Natasha
  3021 | D:3      | Killed Jessica
  3027 | D:3      | Killed Natasha
  3065 | D:3      | Found a sparkling altar of Nemelex Xobeh.
  3204 | D:3      | Noticed Natasha
  3210 | D:3      | Killed Natasha
  3358 | D:4      | Noticed an orc warrior
  3374 | D:4      | Reached XP level 7. HP: 24/36 MP: 8/10
  3801 | D:4      | Reached skill level 10 in Earth Magic
  3833 | D:4      | Found an iron altar of Okawaru.
  3834 | D:4      | Gained mutation: Your spells are a little easier to cast, but a little less powerful. [potion of mutation]
  3834 | D:4      | Gained mutation: You have very sharp teeth. [potion of mutation]
  3834 | D:4      | Gained mutation: You are resistant to hostile enchantments. (MR+) [potion of mutation]
  3834 | D:4      | Gained mutation: You can translocate small distances at will. [potion of mutation]
  3984 | D:4      | Found a viscous altar of Jiyva.
  4081 | D:4      | Found a hide-covered altar of Uskayaw.
  4085 | D:4      | Noticed a hand axe
  4085 | D:4      | Noticed a hand axe
  4512 | D:5      | Entered Level 5 of the Dungeon
  4612 | D:5      | Reached XP level 8. HP: 37/41 MP: 12/12
  4853 | D:5      | Found an opulent altar of Gozag.
  4917 | D:5      | Lost mutation: You can translocate small distances at will. [potion of mutation]
  4917 | D:5      | Lost mutation: Your spells are a little easier to cast, but a little less powerful. [potion of mutation]
  4917 | D:5      | Lost mutation: You are resistant to hostile enchantments. (MR+) [potion of mutation]
  4917 | D:5      | Gained mutation: Your flesh is heat resistant. (rF+) [potion of mutation]
  4917 | D:5      | Gained mutation: You have a pair of small horns on your head. [potion of mutation]
  5026 | D:5      | Reached skill level 1 in Maces & Staves
  5040 | D:5      | Found a basalt altar of Yredelemnul.
  5040 | D:5      | Found an iron altar of Okawaru.
  5040 | D:5      | Found a snail-covered altar of Cheibriados.
  5040 | D:5      | Found a glowing silver altar of Zin.
  5040 | D:5      | Found a stormy altar of Qazlal.
  5040 | D:5      | Found a glowing golden altar of the Shining One.
  5040 | D:5      | Found a radiant altar of Vehumet.
  5041 | D:5      | Found a sacrificial altar of Ru.
  5041 | D:5      | Found an ancient bone altar of Kikubaaqudgha.
  5044 | D:5      | Found a shadowy altar of Dithmenos.
  5046 | D:5      | Found an ornate altar of the Wu Jian Council.
  5049 | D:5      | Became a worshipper of Vehumet
  5468 | D:6      | Noticed Duvessa
  5471 | D:6      | Killed Duvessa
  5477 | D:6      | Noticed Dowan
  5492 | D:6      | Killed Dowan
  5569 | D:6      | Reached skill level 5 in Maces & Staves
  5602 | D:6      | Reached XP level 9. HP: 31/45 MP: 13/13
  5692 | D:6      | Found a deep blue altar of Sif Muna.
  5893 | D:6      | Reached * piety under Vehumet
  5893 | D:6      | Offered knowledge of Inner Flame by Vehumet.
  5898 | D:6      | Learned a level 3 spell: Inner Flame
  5911 | D:6      | Reached skill level 1 in Hexes
  6161 | D:6      | Found a sparkling altar of Nemelex Xobeh.
  6220 | D:6      | Noticed Pikel
  6234 | D:6      | Killed Pikel
  6234 | D:6      | Reached skill level 5 in Hexes
  6482 | D:6      | Found a runed door.
  6704 | D:6      | Noticed Crazy Yiuf
  6708 | D:6      | Killed Crazy Yiuf
  6721 | D:6      | Got the +8 mace of Uskayaw's Hope {antimagic, rN+}
  7071 | D:7      | Found a shimmering altar of Xom.
  7207 | D:7      | Found a burning altar of Makhleb.
  7207 | D:7      | Noticed a cacodemon
  7468 | D:8      | Reached XP level 10. HP: 47/50 MP: 15/15
  7543 | D:8      | Noticed a two-headed ogre
  7563 | D:8      | Killed a two-headed ogre
  7837 | D:8      | Found Tukohyteo's Changing Room.
  7997 | D:8      | Bought a potion of mutation for 96 gold pieces
  7997 | D:8      | Lost mutation: You have a pair of small horns on your head. [potion of mutation]
  7997 | D:8      | Lost mutation: Your flesh is heat resistant. (rF+) [potion of mutation]
  7997 | D:8      | Lost mutation: You have very sharp teeth. [potion of mutation]
  7997 | D:8      | Gained mutation: Your flesh is heat resistant. (rF+) [potion of mutation]
  7997 | D:8      | Gained mutation: You have sharp fingernails. [potion of mutation]
  8136 | D:8      | Noticed a two-headed ogre
  8143 | D:8      | Killed a two-headed ogre
  8261 | D:8      | Noticed Psyche
  8281 | D:8      | Killed Psyche
  8281 | D:8      | Reached skill level 10 in Maces & Staves
  8674 | D:9      | Noticed an ogre mage
  8698 | D:9      | Learned a level 2 spell: Passwall
  8797 | D:9      | Reached skill level 5 in Dodging
  8831 | D:9      | Noticed a two-headed ogre
  8865 | D:9      | Paralysed by an ogre mage for 7 turns
  8872 | D:9      | Reached XP level 11. HP: 21/54 MP: 3/16
  8873 | D:9      | Upgraded the game from 5.2-56-g927a965 to 5.4-101-gcf516dc
  8873 | D:9      | Quit the game

Skill      XL: |  1  2  3  4  5  6  7  8  9 10 |
---------------+-------------------------------+-----
Earth Magic    | 4 5 6 7 9 10 | 10.2
Dodging        | 2 4 5 |  5.6
Maces & Staves | 5 6 10 | 10.1
Spellcasting   | 3 |  3.6
Hexes          | 6 |  6.0
Stealth        | |  2.1
Transmutations | |  0.7

Action                   |  1- 3 |  4- 6 |  7- 9 | 10-12 || total
-------------------------+-------+-------+-------+-------++-------
Melee: Unarmed           |    14 |       |       |       ||    14
       Dagger            |    79 |   156 |    70 |       ||   305
       Whip              |       |       |   208 |   120 ||   328
       Bite              |       |       |    17 |     1 ||    18
       Headbutt          |       |       |    28 |     6 ||    34
       Mace              |       |       |    21 |       ||    21
Throw: Stone             |       |       |     1 |     1 ||     2
 Cast: Sandblast         |    14 |    10 |    29 |     5 ||    58
       Lee's Rapid Decon |       |     1 |    11 |    18 ||    30
       Passwall          |       |       |       |     1 ||     1
  Use: Potion            |       |       |     2 |     1 ||     3
 Stab: Sleeping          |     5 |     7 |     2 |     1 ||    15
       Distracted        |       |       |     1 |       ||     1
Armor: Robe              |    31 |    58 |   102 |    32 ||   223
Dodge: Dodged            |    81 |    96 |   169 |    44 ||   390
Block: Other             |       |       |    48 |    17 ||    65
       Reflection        |       |       |       |     1 ||     1
